 Dungeon Crawl Stone Soup version 0.21-a0-442-g848f44b (webtiles) character file.

8 vishdafish the Charmwright (level 2, 22/22 HPs)
             Began as a Demonspawn Skald on Nov 12, 2017.
             Quit the game on level 1 of the Dungeon.
             The game lasted 00:00:41 (473 turns).

vishdafish the Charmwright (Demonspawn Skald)        Turns: 473, Time: 00:00:42

Health: 22/22      AC:  3    Str: 11    XL:     2   Next: 0%
Magic:  5/5        EV: 12    Int: 14    God:
Gold:   40         SH:  0    Dex: 12    Spells: 4/5 levels left

rFire    . . .     SeeInvis .   a - +0 hand axe
rCold    . . .     Gourm    .   (no shield)
rNeg     . . .     Faith    .   b - +0 leather armour
rPois    .         Spirit   .   (no helmet)
rElec    .         Reflect  .   (no cloak)
rCorr    .         Harm     .   (no gloves)
MR       .....                  (no boots)
Stlth    +.........             (no amulet)
HPRegen  0.07/turn              (no ring)
MPRegen  0.09/turn              (no ring)

@: no status effects
A: powered by pain 1
a: no special abilities


You were on level 1 of the Dungeon.
You were not hungry.

You visited 1 branch of the dungeon, and saw 1 of its levels.

You collected 40 gold pieces.

Inventory:

Hand Weapons
 a - a +0 hand axe (weapon)
Armour
 b - a +0 leather armour (worn)
Scrolls
 e - 2 scrolls of magic mapping {unknown}
 i - 3 scrolls of identify {unknown}
Potions
 h - a potion of curing {unknown}
Books
 c - a book of Battle

   Spells                             Type                      Level
   a - Infusion                       Charms                       1
   b - Shroud of Golubria             Charms/Translocation         2
   c - Song of Slaying                Charms                       2
   d - Spectral Weapon                Hexes/Charms                 3
   e - Regeneration                   Charms/Necromancy            3
Comestibles
 d - a bread ration
 f - 2 royal jellies
 g - 3 fruits


   Skills:
 + Level 2.1 Fighting
 * Level 2.0 Axes
 + Level 1.0 Armour
 + Level 1.8 Dodging
 + Level 2.0 Spellcasting
 + Level 2.8 Charms


You had 4 spell levels left.
You knew the following spells:

 Your Spells              Type           Power        Failure   Level  Hunger
a - Infusion              Chrm           #...         10%         1    ##.....


Dungeon Overview and Level Annotations

Branches:
Dungeon (1/15)

Altars:


Innate Abilities, Weirdness & Mutations

You sometimes gain a little power by taking damage.


Message History

Your magical infusion is running out.
You start resting.
You are no longer magically infusing your attacks.
i - 3 scrolls labeled ZUCZOE USKU You start resting.
Magic restored.
You now have 40 gold pieces (gained 16).
A rat comes into view.
A rat is nearby!
You completely miss the rat. The rat bites you. The rat completely misses you.
You hit the rat.
You kill the rat!
You have reached level 2!
Your demonic ancestry asserts itself...
You feel energised by your suffering.
You start resting.
HP restored.
A goblin comes into view.
The goblin shouts!
Are you sure you want to abandon this character and quit the game? (Confirm with "yes".)

..# #..# #.##.#
#.# #..# #.##.#
#.# #†.# #.##.#
#.# #..# #.##.#
#.# #..# #.##.#
#.# #..# #.##.#
#. #..# #.##.#
#.##
#..####....###.#
#..#
#..........@.g.#
##.#
...#####.####.#
##.# # #.# ...#
#.# #..####..##
#.# #.........#
#.# #..########
### ...## +..
#...##.##. #####
#


You could see a goblin.

Vanquished Creatures
  3 hobgoblins (D:1)
  A bat (D:1)
  2 goblins (D:1)
  2 rats (D:1)
8 creatures vanquished.

Notes
Turn   | Place    | Note
-------+----------+-------------------------------------------
     0 | D:1      | vishdafish the Demonspawn Skald began the quest for the Orb.
     0 | D:1      | Reached XP level 1. HP: 16/16 MP: 3/3
   219 | D:1      | Reached skill level 1 in Armour
   360 | D:1      | Gained mutation: You sometimes gain a little power by taking damage. [demonic ancestry]
   360 | D:1      | Reached XP level 2. HP: 15/22 MP: 5/5
   473 | D:1      | Quit the game

Vault maps used:
D:1:      tarquinn_simple_flora_water_b

Skill      XL: |  1 |
---------------+----+-----
Armour         | 1 |  1.0
Axes           | 2 |  2.0
Fighting       | |  2.1
Dodging        | |  1.8
Spellcasting   | |  2.0
Charms         | |  2.8

Action                   || total
-------------------------++-------
Melee: Hand axe          ||    24
 Cast: Infusion          ||     3
Armor: Leather armour    ||     7
Dodge: Dodged            ||    13

Table legend:
 A = Spawn XP
 B = Non-spawn XP
 C = Spawn XP percentage of total XP
 D = Spawn monster count
 E = Non-spawn monster count
 F = Spawn count percentage of total count
 G = Total turns spent on level
                    A         B        C        D         E        F      G
               +---------+---------+-------+---------+---------+-------+---------
         Total |       0 |      12 |   0.0 |       0 |       8 |   0.0 |   473
               +---------+---------+-------+---------+---------+-------+---------
           D:1 |       0 |      12 |   0.0 |       0 |       8 |   0.0 |   473
               +---------+---------+-------+---------+---------+-------+---------
